 Dungeon Crawl Stone Soup version 0.31.0-11-ge490571c62 (webtiles) character file.

Game seed: 15496890198896237129

95 thirtiethelement the Trooper (level 4, 0/37 HPs)
             Began as a Demonspawn Monk on Jan 29, 2024.
             Slain by a sky beast (3 damage)
             ... on level 3 of the Dungeon on Feb 1, 2024.
             The game lasted 00:03:46 (2156 turns).

thirtiethelement the Trooper (Demonspawn Monk)      Turns: 2156, Time: 00:03:47

Health: 0/37       AC:  3    Str: 11    XL:     4   Next: 39%
Magic:  4/4        EV: 13    Int: 11    God:
Gold:   102        SH:  0    Dex: 17    Spells: 3/3 levels left

rFire   . . .        a - +0 falchion
rCold   . . .        d - orb {light}
rNeg    . . .        k - +0 leather armour
rPois   .            (no helmet)
rElec   .            (cloak unavailable)
rCorr   .            (no gloves)
SInv    .            (no boots)
Will    .....        (no amulet)
Stlth   +            (no ring)
HPRegen 0.26/turn    (no ring)
MPRegen 0.09/turn

%: no passive effects
@: glowing
A: weakness stinger 3
a: no special abilities


You were on level 3 of the Dungeon.
You visited 1 branch of the dungeon, and saw 3 of its levels.

You collected 102 gold pieces.

Inventory:

Hand Weapons
 a - a +0 falchion (weapon)
Missiles
 g - 6 javelins (quivered)
Armour
 d - an orb of light (worn)
 k - a +0 leather armour (worn)
Talismans
 m - a blade talisman
Scrolls
 b - 4 scrolls of identify {unknown}
 e - 4 scrolls of fog {unknown}
 h - a scroll of teleportation {unknown}
 i - 3 scrolls of poison {unknown}
 l - 2 scrolls of immolation {unknown}
Potions
 c - 2 potions of ambrosia
 f - a potion of might {unknown}
 j - a potion of curing {unknown}
 n - a potion of degeneration {unknown}
 o - a potion of heal wounds {unknown}


   Skills:
 + Level 3.7 Fighting
 + Level 3.6 Long Blades
 + Level 0.3 Armour
 + Level 3.2 Dodging
 + Level 0.2 Stealth
 * Level 0.4 Shapeshifting


You had 3 spell levels left.
You didn't know any spells.
Your spell library was empty.

Dungeon Overview and Level Annotations

Branches:
Dungeon (3/15)

Altars:
Qazlal
Xom

Shops:
D:2 (


Innate Abilities, Weirdness & Mutations

You have a sharp stinger which inflicts weakening toxins.


Message History

You hit the sky beast but do no damage.
The sky beast is severely wounded.
The giant cockroach bites you but does no damage.
The sky beast hits you but does no damage.
You barely miss the sky beast.
The sky beast is severely wounded.
The sky beast is no longer weakened.
The giant cockroach closely misses you. The sky beast barely misses you.
The giant cockroach bites you but does no damage.
You completely miss the sky beast.
The sky beast is severely wounded.
The sky beast barely misses you. The giant cockroach barely misses you.
The sky beast hits you. The sky beast shocks you.
* * * LOW HITPOINT WARNING * * *
You hit the sky beast.
The sky beast is severely wounded.
The giant cockroach barely misses you. The sky beast hits you.
* * * LOW HITPOINT WARNING * * *
The sky beast shocks you.
* * * LOW HITPOINT WARNING * * *
You closely miss the sky beast.
Your tail-slap misses the sky beast.
The sky beast is severely wounded.
The giant cockroach closely misses you. The sky beast misses you.
The giant cockroach misses you.
You closely miss the sky beast.
The sky beast is severely wounded.
The giant cockroach bites you but does no damage.
The sky beast misses you.
You barely miss the sky beast.
The sky beast is severely wounded.
The giant cockroach bites you but does no damage.
The sky beast hits you but does no damage.
You hit the sky beast.
The sky beast is almost dead.
The giant cockroach closely misses you. The sky beast completely misses you.
The giant cockroach misses you.
You closely miss the sky beast.
The sky beast is almost dead.
The sky beast hits you.
You die...

## ####### #
.###########.....# ..
>#....##.........####...
.#..........)...........
.#....#..........$......
.#....#.........@B....#
................#Y...<#
......#......####.....#
......#........ ...###
......###.##.### .....
..........#... ......
.####..... ### .......
.####.... ...###.
.....####


You could see a sky beast and a giant cockroach.

Vanquished Creatures
  4 adders
  3 dart slugs (D:1)
  5 endoplasms
  A giant cockroach (D:2)
  6 goblins
  7 hobgoblins
  4 jackals (D:3)
  3 kobolds
  2 quokkas
  7 ball pythons
  2 bats (D:1)
  2 frilled lizards
  4 rats
50 creatures vanquished.

Notes
Turn   | Place    | Note
-------+----------+-------------------------------------------
     0 | D:1      | thirtiethelement the Demonspawn Monk began the quest for
                  | the Orb.
     0 | D:1      | Reached XP level 1. HP: 18/18 MP: 1/1
    57 | D:1      | Found a faded altar of an unknown god.
   293 | D:1      | Gained mutation: You have a small tail. [demonic ancestry]
   293 | D:1      | Reached XP level 2. HP: 22/24 MP: 2/2
   440 | D:1      | Gained mutation: You have a tail ending in a sharp stinger.
                  | [demonic ancestry]
   440 | D:1      | Reached XP level 3. HP: 29/29 MP: 3/3
   949 | D:1      | Found a shimmering altar of Xom.
  1162 | D:2      | Found Qaguaroati's Weapon Shoppe.
  1953 | D:3      | Gained mutation: You have a sharp stinger which inflicts
                  | weakening toxins. [demonic ancestry]
  1953 | D:3      | Reached XP level 4. HP: 32/37 MP: 4/4
  2078 | D:3      | Found a stormy altar of Qazlal.
  2135 | D:3      | Noticed a sky beast
  2151 | D:3      | HP: 1/37 [sky beast (5)]
  2156 | D:3      | Slain by a sky beast

Illustrated notes

Levels and vault maps discovered:
D:1:      dpeg_arrival_water_altar, layout_loops_ring,
          hellmonk_ecumenical_altar_run_dry, st_stairs_9,
          chequers_serial_rivers_micro_e, nrook_uturn, minmay_box_of_dots
D:2:      layout_loops_ring, serial_shops, nicolae_shop_bloodbath_and_beyond
D:3:      layout_basic, mainiacjoe_overflow_surrounded_room,
          nicolae_qazlal_beasts_of_the_sky, uniq_robin

Skill      XL: |  1  2 |
---------------+-------+-----
Dodging        | 3 |  3.2
Long Blades    | 3 |  3.6
Fighting       | |  3.7
Armour         | |  0.3
Stealth        | |  0.2
Shapeshifting  | |  0.4

Action                     |  1- 3 |  4- 6 || total
---------------------------+-------+-------++-------
  Melee: Falchion          |    77 |    45 ||   122
         Tailslap          |     7 |     3 ||    10
 Armour: Robe              |    25 |       ||    25
         Leather armour    |    10 |    34 ||    44
  Dodge: Dodged            |    56 |    56 ||   112
         Form:             |     1 |       ||     1
         Blade             |     1 |       ||     1
